 Dungeon Crawl Stone Soup version 0.14.0-17-gc0b17a5 (webtiles) character file.

4593 Infinimo the Tainter (level 10, 0/44 HPs)
             Began as a Spriggan Venom Mage on Apr 18, 2014.
             Was a Follower of Vehumet.
             Killed from afar by a deep elf mage (22 damage)
             ... with a stone arrow
             ... on Level 9 of the Dungeon.
             The game lasted 00:36:14 (12450 turns).

Infinimo the Tainter (Spriggan Venom Mage)         Turns: 12450, Time: 00:36:15

HP   0/44        AC  4     Str  7      XL: 10   Next: 12%
MP  33/33        EV 18     Int 17      God: Vehumet [*.....]
Gold 256         SH  0     Dex 17      Spells:  4 memorised,  4 levels left

rFire  . . .     SeeInvis +     r - +0,+1 falchion
rCold  . . .     Clarity  .     a - +2 robe
rNeg   . . .     Conserve .     (shield restricted)
rPois  .         rCorr    .     (helmet restricted)
rElec  .         rRot     .     (no cloak)
SustAb + .       Spirit   .     (gloves unavailable)
rMut   .         Warding  .     (boots unavailable)
Saprov . . .     Stasis   .     (no amulet)
MR     +....                    q - ring of sustain abilities
                                t - ring of magical power

@: very quick, somewhat resistant to hostile enchantments, stealthy
A: unfitting armour, see invisible, herbivore 3, speed 3, slow metabolism 2
a: Renounce Religion


You were on level 9 of the Dungeon.
You worshipped Vehumet.
Vehumet was aware of your devotion.
You were not hungry.

You visited 2 branches of the dungeon, and saw 10 of its levels.
You also visited: Sewer.

You collected 256 gold pieces.

Inventory:

Hand weapons
 r - a +0,+1 falchion (weapon)
Armour
 a - a +2 robe (worn)
Magical devices
 v - a wand of paralysis (20) {unknown}
Comestibles
 l - 5 bread rations
Scrolls
 g - 8 scrolls of remove curse
 i - a scroll of magic mapping
 w - 2 scrolls of teleportation
 z - a scroll of fear
Jewellery
 h - a +3 ring of strength
 q - a ring of sustain abilities (right hand)
 t - a ring of magical power (left hand)
 u - an uncursed ring of fire {unknown}
 x - a cursed -3 ring of evasion {unknown}
Potions
 c - a potion of porridge
 d - a potion of might {unknown}
 e - a potion of flight {unknown}
 f - 3 potions of brilliance
 j - 2 potions of heal wounds {unknown}
 k - a potion of haste {unknown}
 n - 2 potions of poison {unknown}
 o - 2 potions of confusion {unknown}
 p - a potion of berserk rage {unknown}
 s - a potion of lignification {unknown}
Books
 b - a Young Poisoner's Handbook

   Spells                             Type                      Level
   *Sting                             Conjuration/Poison           1
   *Cure Poison                       Poison                       2
   *Mephitic Cloud                    Conjuration/Poison/Air       3
   Olgreb's Toxic Radiance            Poison                       4
   *Venom Bolt                        Conjuration/Poison           5
 y - a book of Transfigurations

   Spells                             Type                      Level
   Stoneskin                          Transmutation/Earth          2
   Ice Form                           Ice/Transmutation            4
   Statue Form                        Transmutation/Earth          6
   Dragon Form                        Transmutation                7


   Skills:
 - Level 3.0 Dodging
 - Level 3.0 Stealth
 - Level 3.1 Spellcasting
 + Level 5.7 Conjurations
 * Level 12.7 Poison Magic


You had 4 spell levels left.
You knew the following spells:

 Your Spells              Type           Power        Failure   Level  Hunger
a - Sting                 Conj/Pois      ####         1%          1    None
b - Mephitic Cloud        Conj/Pois/Air  ###.....     6%          3    ###....
c - Venom Bolt            Conj/Pois      ####......   12%         5    #####..
d - Cure Poison           Pois           #####.....   1%          2    ##.....


Dungeon Overview and Level Annotations

Branches:
Dungeon (9/15)             Temple (1/1) D:7
    Orc: D:9-12        Lair: D:8-11

Altars:
Ashenzari
Cheibriados
Dithmenos
Elyvilon
Fedhas
Makhleb
Okawaru
Sif Muna
Trog
Vehumet
Xom
Yredelemnul
Zin
The Shining One

Shops:
D:5 :

Annotations:
D:4 exclusion: phantom
D:5 exclusion: shadow imp
D:9 exclusion: gargoyle


Innate Abilities, Weirdness & Mutations

You are tiny and cannot use many weapons and most armour.
You have supernaturally acute eyesight.
You are a herbivore.
You cover ground extremely quickly.
You need consume almost no food.


Message History

Casting: Sting
Confirm with . or Enter, or press ? or * to list all spells.
Aiming: Sting
Press: ? - help, Shift-Dir - straight line, f/p - troll
Aim: a troll (moderately wounded, poisoned)
The sting hits the troll.
The troll is moderately wounded.
As you open the door, it creaks loudly!
A deep elf mage comes into view. It is wielding a long sword.
The deep elf mage shouts!
You close the door.
You open the door.
There is an open door here.
An adder comes into view.
The deep elf mage gestures at you while chanting.
The bolt of magma hits you! The deep elf mage casts a spell at you.
The stone arrow hits you!
Ouch! That really hurt!
You die...

. . .# #### ######.#
?.# #......# #.#
#......# ##.###
#......# #####..?.#
#..@...# #........#
#......#
###??......###.....###
..'.........pT.e.....S.
###........###.....####
#........# #######
#........# #........#
#........#


You could see a troll, a hungry ghost and a deep elf mage.

Vanquished Creatures
  Prince Ribbit (D:7)
  Eustachio (D:5)
  Grum (D:8)
  2 hippogriffs (D:8)
  4 wolves (D:8)
  Purgy (Sewer)
  A black bear (D:6)
  2 sky beasts (D:8)
  2 giant goldfish (D:6)
  2 ogres
  An elf zombie (D:6)
  14 big kobolds (D:8)
  2 giant frogs
  An elf skeleton (D:6)
  4 scorpions
  4 killer bees (D:9)
  2 goliath beetles
  A quasit (D:8)
  2 hounds
  A crimson imp (D:5)
  2 centaur zombies
  A human zombie (D:6)
  A giant frog skeleton (D:5)
  A jelly (D:7)
  An orc wizard (D:6)
  2 iguanas
  2 human skeletons (D:6)
  5 worker ants
  A killer bee zombie (D:6)
  A hound skeleton (D:4)
  5 adders
  6 gnolls (D:4)
  A green rat (D:4)
  An orc zombie (D:6)
  2 shadow imps
  A giant mite (D:1)
  A worm (D:2)
  An adder zombie (D:5)
  An iguana skeleton (D:5)
  A giant eyeball (D:5)
  2 oozes (D:3)
  7 orcs
  4 ball pythons
  8 bats
  A bat skeleton (D:5)
  5 giant cockroaches
  8 goblins
  12 hobgoblins
  2 jackals (Sewer)
  5 quokkas
  3 giant geckos
  6 giant newts
  A giant spore (D:6)
  26 kobolds
  An orc skeleton (D:6)
  9 rats
  5 ballistomycetes
191 creatures vanquished.

Vanquished Creatures (others)
  A giant spore (D:8)
1 creature vanquished.

Grand Total: 192 creatures vanquished

Notes
Turn   | Place    | Note
--------------------------------------------------------------
     0 | D:1      | Infinimo, the Spriggan Venom Mage, began the quest for the Orb.
     0 | D:1      | Reached XP level 1. HP: 9/9 MP: 4/4
   397 | D:1      | Reached XP level 2. HP: 11/13 MP: 0/7
  1213 | D:2      | Found a snail-covered altar of Cheibriados.
  1477 | D:2      | Reached XP level 3. HP: 16/16 MP: 9/11
  1667 | D:2      | Reached skill level 5 in Poison Magic
  1886 | D:2      | Learned a level 3 spell: Mephitic Cloud
  2705 | D:3      | Reached XP level 4. HP: 11/21 MP: 1/13
  3367 | D:4      | Noticed a phantom
  3488 | D:4      | Reached skill level 6 in Poison Magic
  3623 | D:4      | Found a white marble altar of Elyvilon.
  3672 | D:4      | Found a glowing drain.
  3773 | Sewer    | Entered a sewer
  3787 | Sewer    | Reached XP level 5. HP: 20/24 MP: 4/16
  3965 | Sewer    | Noticed Purgy
  4015 | Sewer    | Killed Purgy
  4015 | Sewer    | Reached skill level 7 in Poison Magic
  4239 | D:4      | Found a glowing silver altar of Zin.
  4332 | D:4      | Reached XP level 6. HP: 17/28 MP: 7/18
  4631 | D:5      | Entered Level 5 of the Dungeon
  4837 | D:5      | Found Tuasag's Book Shop.
  4865 | D:5      | Noticed Eustachio
  4882 | D:5      | Killed Eustachio
  4882 | D:5      | Reached skill level 1 in Conjurations
  5643 | D:5      | Reached skill level 8 in Poison Magic
  5643 | D:5      | Reached XP level 7. HP: 27/32 MP: 20/20
  6050 | D:6      | HP: 1/32 [elf zombie (5)]
  6505 | D:6      | Reached skill level 9 in Poison Magic
  6715 | D:6      | Found a shadowy altar of Dithmenos.
  6817 | D:6      | Reached XP level 8. HP: 12/36 MP: 11/21
  7007 | D:6      | Learned a level 5 spell: Venom Bolt
  7918 | D:6      | Found a bloodstained altar of Trog.
  7963 | D:6      | Reached skill level 10 in Poison Magic
  8623 | D:7      | Noticed Prince Ribbit
  8638 | D:7      | Killed Prince Ribbit
  8753 | D:7      | Found a staircase to the Ecumenical Temple.
  8764 | Temple   | Entered the Ecumenical Temple
  8929 | Temple   | Became a worshipper of Vehumet
  9402 | D:7      | Found a basalt altar of Yredelemnul.
  9566 | D:8      | Reached XP level 9. HP: 17/39 MP: 23/23
  9947 | D:8      | Reached skill level 11 in Poison Magic
 10311 | D:8      | Acquired Vehumet's first power
 10311 | D:8      | Offered knowledge of Freeze by Vehumet.
 10435 | D:8      | Learned a level 2 spell: Cure Poison
 10600 | D:8      | Reached skill level 5 in Conjurations
 10887 | D:8      | Reached skill level 12 in Poison Magic
 11367 | D:8      | Noticed Grum
 11381 | D:8      | Reached XP level 10. HP: 29/44 MP: 18/24
 11404 | D:8      | Killed Grum
 12450 | D:9      | Killed from afar by a deep elf mage

Action                   |  1- 3 |  4- 6 |  7- 9 | 10-12 || total
-------------------------+-------+-------+-------+-------++-------
Melee: Club              |     8 |       |       |       ||     8
       Falchion          |     4 |    52 |   184 |    17 ||   257
 Cast: Sting             |   121 |   143 |   340 |    43 ||   647
       Venom Bolt        |       |       |    11 |       ||    11
       Cure Poison       |       |       |       |     3 ||     3
  Use: Scroll            |     6 |     5 |     3 |       ||    14
       Potion            |       |       |       |     4 ||     4
 Stab: Sleeping          |       |     1 |     3 |       ||     4
